 Dungeon Crawl Stone Soup version 0.31-a0-1181-g57eb4e83fd (webtiles) character file.

Game seed: 4441064399218601586

119 qw the Shooter (level 5, -1/32 HPs)
             Began as a Gargoyle Hunter on Dec 11, 2023.
             Killed by divine providence
             ... invoked by an orc priest
              (12 damage)
             ... on level 5 of the Dungeon.
             The game lasted 00:00:34 (1470 turns).

qw the Shooter (Gargoyle Hunter)                    Turns: 1470, Time: 00:00:35

Health: -1/32      AC: 10    Str: 14    XL:     5   Next: 3%
Magic:  5/5        EV: 10    Int: 10    God:
Gold:   87         SH:  0    Dex: 15    Spells: 4/4 levels left

rFire   . . .        a - +0 shortbow
rCold   . . .        (shield currently unavailable)
rNeg    + . .        f - +1 ring mail
rPois   inf          (no helmet)
rElec   +            (no cloak)
rCorr   .            (no gloves)
SInv    .            (no boots)
Will    .....        (no amulet)
Stlth   +            (no ring)
HPRegen 0.25/turn    (no ring)
MPRegen 0.09/turn

%: no passive effects
@: no status effects
A: sickness immunity, AC +4, negative energy resistance 1, electricity
resistance, torment resistance 1, petrification resistance
a: no special abilities


You were on level 5 of the Dungeon.
You visited 1 branch of the dungeon, and saw 4 of its levels.

You collected 87 gold pieces.


Innate Abilities, Weirdness & Mutations

You are immune to sickness and miasma.
Your stone body is resilient. (AC +4)
You are immune to poison.
You resist negative energy. (rN+)
You are resistant to electric shocks. (rElec)
You are resistant to unholy torment.
You are immune to petrification.


   Skills:
 - Level 3.0 Fighting
 + Level 5.7 Ranged Weapons
 - Level 1.0 Armour
 - Level 1.5 Dodging
 - Level 1.1 Stealth


You had 4 spell levels left.
You didn't know any spells.
Your spell library was empty.

Inventory:

Hand Weapons
 a - a +0 shortbow (weapon)
Armour
 f - a +1 ring mail (worn)
Wands
 b - a wand of roots (12)
Potions
 c - a potion of berserk rage {unknown}
 e - a potion of might
 h - a potion of cancellation {unknown}

Dungeon Overview and Level Annotations

Branches:
Dungeon (3/15)

Altars:


Message History

The orc priest hits you but does no damage.
You shoot an arrow. The arrow hits the orc.
You kill the orc!
The orc priest closely misses you. The orc closely misses you.
You shoot an arrow.
The arrow closely misses the orc priest.
The orc priest hits you but does no damage.
The orc hits you with a +0 whip.
You shoot an arrow. The arrow barely misses the orc priest.
The orc priest miscasts a cantrip.
The orc closely misses you. The orc barely misses you.
The orc priest barely misses you.
You shoot an arrow. The arrow barely misses the orc priest.
The orc priest calls down the wrath of Beogh upon you.
Pain shoots through your body! The orc barely misses you.
You shoot an arrow. The arrow hits the orc priest.
The orc priest is moderately wounded.
The orc priest closely misses you. The orc hits you but does no damage.
You shoot an arrow.
The arrow hits the orc priest but does no damage.
The orc priest is moderately wounded.
The orc priest hits you but does no damage.
The orc barely misses you.
You shoot an arrow.
The arrow hits the orc priest but does no damage.
The orc priest is moderately wounded.
The orc priest hits you but does no damage.
The orc hits you but does no damage. The orc hits you with a +0 whip.
The orc priest hits you with a +0 hand axe.
You shoot an arrow. The arrow barely misses the orc priest.
The orc priest hits you but does no damage.
The orc hits you but does no damage.
You shoot an arrow. The arrow barely misses the orc priest.
The orc priest closely misses you. The orc hits you with a +0 whip.
You shoot an arrow.
The arrow hits the orc priest but does no damage.
The orc priest is lightly wounded.
The orc priest calls down the wrath of Beogh upon you.
Beogh smites you!
You die...

#.# #..........
#o
###.###.#.####.##
#o #.......#.#
#.# #o
#.#.#####.# #.#
#o #.#.# #.# #.#
#. #.#.# #.# #.#
#. #.#.#####.#
#.#
#.##.#.......#
#.#
#.o@.........#
..# #.o)........
####.####### ....
#####


You could see an orc priest and an orc.

Vanquished Creatures
  A hound (D:5)
  An iguana (D:5)
  An adder (D:2)
  8 orcs
  5 endoplasms
  2 giant cockroaches (D:1)
  3 goblins
  4 hobgoblins (D:2)
  A jackal (D:1)
  2 kobolds (D:1)
  2 quokkas
  4 ball pythons
  6 bats
  A frilled lizard (D:1)
  5 rats
46 creatures vanquished.

Notes
Turn   | Place    | Note
-------+----------+-------------------------------------------
     0 | D:1      | qw the Gargoyle Hunter began the quest for the Orb.
     0 | D:1      | Reached XP level 1. HP: 12/12 MP: 1/1
     0 | D:1      | 0 ||| qw: Version: 0.3-a-106-g2cfff9e
     0 | D:1      | 0 ||| qw: Game counter: 2077
     0 | D:1      | 0 ||| qw: Melee chars always use a shield: true
     0 | D:1      | 0 ||| qw: God list: Okawaru
     0 | D:1      | 0 ||| qw: Allow faded altars: false
     0 | D:1      | 0 ||| qw: Do Orc after clearing Dungeon:15 true
     0 | D:1      | 0 ||| qw: Do second Lair branch before Depths: true
     0 | D:1      | 0 ||| qw: Lair rune preference: random
     0 | D:1      | 0 ||| qw: Goals: Normal, Save, Zot:1-4, Win
     0 | D:1      | 0 ||| PLANNING D:1-11
   387 | D:1      | 387 ||| Stepping ~*~*~tactically~*~*~ (retreating).
   389 | D:1      | Reached XP level 2. HP: 17/17 MP: 2/2
   817 | D:1      | 817 ||| READING scroll labelled OHAOTU UMAUTI.
   817 | D:1      | 817 ||| IDENTIFYING scroll labelled EDUNEAROTE
   818 | D:1      | 818 ||| READING scroll labelled FAPOYSHRIOLU.
   821 | D:1      | 821 ||| DROPPING scroll of butterflies.
   822 | D:1      | 822 ||| DROPPING scroll of silence.
   855 | D:2      | Reached XP level 3. HP: 21/21 MP: 3/3
   913 | D:2      | Reached skill level 5 in Ranged Weapons
  1255 | D:2      | 1255 ||| UPGRADING to +0 ring mail.
  1265 | D:2      | 1265 ||| DROPPING +0 leather armour.
  1266 | D:2      | 1266 ||| READING scroll of identify.
  1266 | D:2      | 1266 ||| IDENTIFYING amethyst potion
  1267 | D:2      | 1267 ||| READING scroll labelled VEETIG IJEL.
  1267 | D:2      | 1267 ||| ENCHANTING +0 ring mail.
  1268 | D:2      | 1268 ||| READING 3 scrolls labelled HEYRRI TOKAA.
  1269 | D:2      | 1269 ||| DROPPING 2 scrolls of noise.
  1305 | D:3      | Reached skill level 1 in Armour
  1318 | D:3      | Reached skill level 3 in Fighting
  1318 | D:3      | Reached XP level 4. HP: 17/28 MP: 4/4
  1364 | D:3      | You fall into a shaft and drop 2 floors!
  1364 | D:5      | Entered Level 5 of the Dungeon
  1448 | D:5      | 1448 ||| Stepping ~*~*~tactically~*~*~ (retreating).
  1451 | D:5      | Reached XP level 5. HP: 32/32 MP: 5/5
  1470 | D:5      | Killed from afar by an orc priest

Levels and vault maps discovered:
D:1:      lightli_arrival_statuegarden, layout_loops_corners, fountainhead,
          minmay_misc_feat_nine_boxes, minmay_bisected
D:2:      layout_rooms, kennysheep_generic_room_10
D:3:      minmay_door_path, layout_basic, lemuel_crystal_altar,
          nemelex_dance_club_becter, nicolae_shop_unique_rings,
          uniq_crazy_yiuf_cottage, uniq_jessica, uniq_grinder, uniq_ijyb
D:5:      layout_basic, minivault_25

Skill      XL: |  1  2  3 |
---------------+----------+-----
Ranged Weapons | 5 |  5.7
Armour         | 1 |  1.0
Fighting       | 3 |  3.0
Dodging        | |  1.5
Stealth        | |  1.1

Action                     |  1- 3 |  4- 6 || total
---------------------------+-------+-------++-------
   Fire: Shortbow          |   105 |    34 ||   139
    Use: Scroll            |     5 |       ||     5
 Armour: Leather armour    |    22 |       ||    22
         Ring mail         |     2 |    25 ||    27
  Dodge: Dodged            |    27 |    20 ||    47

Table legend:
 A = Non-vault XP
 B = Vault XP
 C = Vault XP percentage of total XP
 D = Non-vault monster count
 E = Vault monster count
 F = Vault count percentage of total count
                 A         B        C        D         E       F
            +---------+---------+-------+---------+---------+-------
      Total |     162 |       9 |   5.3 |      41 |       5 |  10.9
            +---------+---------+-------+---------+---------+-------
        D:1 |      14 |       9 |  39.1 |      10 |       5 |  33.3
        D:2 |      45 |       0 |   0.0 |      20 |       0 |   0.0
        D:3 |      16 |       0 |   0.0 |       6 |       0 |   0.0
        D:5 |      87 |       0 |   0.0 |       5 |       0 |   0.0
            +---------+---------+-------+---------+---------+-------
